FIQ, neutral male human Wizard --- ---- |.. |..-- -- ---- --..--...| --- -.- --...---......... ...---.(. ---*.............. ........- |................. ........ ............... |.......- -........>...- ........| ------.........G..---- .......- |..................|.-- ....... - --.. | --......--.....- -- --rq.G........- |..G.G.q....F.| --..qqGh.....-- ---.@GG<.---- ----...| --..- |... |*...| --.--- -- FIQ the Wizard Experience level: 4 Strength: 9 Dexterity: 9 Constitution: 12 Intelligence: 17 Wisdom: 19 Charisma: 10 Health: 0(32) Energy: 43(48) Def: 1 Gold: 125 Moves: 1394 Dungeon seed [set]: Game ID: FIQ_1653073997 Your Inventory: Coins $ - 125 gold pieces Weapons a - a blessed +1 quarterstaff (weapon in hands) m - an uncursed +0 orcish dagger q - 9 cursed -1 elven arrows Armor e - an uncursed +0 cloak of magic resistance (being worn) n - an uncursed +0 orcish helm Comestibles h - 2 uncursed food rations l - an uncursed lichen corpse Scrolls j - an uncursed scroll of light k - an uncursed scroll of enchant weapon s - an uncursed scroll of scare monster u - an uncursed scroll of identify Spellbooks b - a blessed spellbook of force bolt c - an uncursed spellbook of light Potions f - an uncursed potion of paralysis o - a blessed potion of monster detection Wands d - an uncursed wand of nothing (0:6) Tools H - an uncursed magic harp (0:8) Spells and supernatural/magical abilities: Name Level Category Fail Memory a - force bolt 1 attack 0% 94% l - light 1 divination 0% 94% W - pray for help -- divine ? -- Your skills at the end: Miscellaneous Skills wands [Basic] Weapon Skills quarterstaff [Basic] Spellcasting Skills attack spells [Basic] enchantment spells [Basic] Final Attributes: You were devoutly aligned. You were magic-protected. You were somewhat stealthy. You are dead. Vanquished creatures: 2 iguanas a giant bat a cave spider 2 red molds 2 manes 2 kobolds 2 newts 2 goblins 3 sewer rats 4 grid bugs 4 lichens 25 creatures vanquished. Voluntary challenges: You did not adorn yourself with jewelry or accessories. You did not cause conflict. You were not invisible. You did not have reflection. You were not displaced. You did not donate to any temples.. You used a wielded weapon 34 times, starting on turn 97. You did not use tools. You did not use plumbed fixtures. You did not drink any magical draughts. You were illiterate. You never genocided any monsters. You never polymorphed an object. You never changed form. You used no wishes. You did not use any artifacts. You never split a pudding. You never wrote Elbereth's name. You never violated your personal moral code. Dungeon overview: The Dungeons of Doom: levels 1 to 4 Level 1 a vault, a bench a long staircase Level 2 some fountains Level 3 a vault, a bench Level 4 stairs to The Gnomish Mines The Gnomish Mines: Level 5 <- You were here stairs to The Dungeons of Doom History has recorded: On T:1 you entered the Dungeons of Doom to retrieve the Amulet of Yendor! On T:393 you reached level 2 of The Dungeons of Doom. On T:393 you unlocked the Ranger role by using stairs. On T:408 you advanced to experience level 2. On T:891 you advanced to experience level 3. On T:999 you reached level 3 of The Dungeons of Doom. On T:1081 you prayed to Thoth. On T:1118 you reached level 4 of The Dungeons of Doom. On T:1356 you advanced to experience level 4. On T:1372 you reached level 1 of The Gnomish Mines. On T:1372 you unlocked the Rogue role by using long stairs. On T:1389 you prayed to Thoth. Score breakdown: Gold: 125 ( 12 points) Experience: 4 levels ( 300 points) Exploration: 5 levels ( 120 points) Discoveries: 10 items ( 500 points) Variety of kills: 11 monsters ( 550 points) Major goal: (nothing yet) ( 0 points) Survival: died (score multiplied by 3) Total score: 4446 Latest messages: woman, your life force is running out. You begin praying to Thoth. You are surrounded by a shimmering light. The rothe starts to attack you, but pulls back. (2x) The gnome starts to attack you, but pulls back. You feel that Thoth is well-pleased. You feel much better. You are still in a pit. The rothe claws you! The rothe bites! (2x) You crawl to the edge of the pit. The rothe claws you! The rothe bites! (2x) The rothe claws you! The rothe bites! (2x) The gnome punches you! The spell misses the rothe. The spell hits the gnome king! The gnome swings his crossbow at you. The gnome hits! The gnome punches you! You die... Final status: Goodbye FIQ the Wizard, killed by a gnome... You died in The Gnomish Mines on dungeon level 5 with 4446 points, and 125 pieces of gold, after 1394 moves. You were level 4 with a maximum of 32 hit points when you died.